 Dungeon Crawl Stone Soup version 0.29.1-13-g9f3cf754e1 (webtiles) character file.

Game seed: 11106193638534494153

4125 Vulpanium the Cutter (level 10, -2/78 (83) HPs)
             Began as a Purple Draconian Monk on Jan 21, 2023.
             Was an Elder of Trog.
             Slain by a wight
             ... wielding a +2 morningstar of freezing
              (13 damage)
             ... on level 8 of the Dungeon.
             The game lasted 00:37:30 (9454 turns).

Vulpanium the Cutter (Purple Draconian Monk)        Turns: 9454, Time: 00:37:31

HP:   -2/78 (83)    AC:  7    Str: 18    XL:     10   Next: 6%
MP:   0/10          EV: 16    Int: 11    God:    Trog [****..]
Gold: 375           SH:  8    Dex: 25    Spells: 9/9 levels left

rFire   . . .      SeeInvis .   w - +1 rapier (venom)
rCold   . . .      Faith    .   k - +1 buckler
rNeg    . . .      Spirit   +   (body armour unavailable)
rPois   .          Reflect  .   (helmet restricted)
rElec   .          Harm     .   (no cloak)
rCorr   .          Rampage  .   (no gloves)
Will    +....                   (no boots)
Stlth   ++++......              j - amulet of guardian spirit
HPRegen 0.23/turn               i - +6 ring of dexterity
MPRegen 0.12/turn               d - +6 ring of dexterity

@: slowed, drained, very slow
A: breathe power, AC +7, unfitting armour, cold-blooded
a: Breathe Dispelling Energy, Renounce Religion, Berserk, Trog's Hand, Brothers
in Arms


You were on level 8 of the Dungeon.
You worshipped Trog.
Trog was greatly pleased with you.
You visited 1 branch of the dungeon, and saw 8 of its levels.
You also visited: Ossuary.

You collected 375 gold pieces.

Inventory:

Hand Weapons
 c - a +1 hand axe of draining
 w - a +1 rapier of venom (weapon)
 z - a +2 whip of flaming
Missiles
 a - 8 atropa-tipped darts (quivered)
 v - 2 throwing nets
 x - 2 boomerangs of dispersal
Armour
 k - a +1 buckler (worn)
Jewellery
 d - a +6 ring of dexterity (right hand)
 i - a +6 ring of dexterity (left hand)
 j - an amulet of guardian spirit (around neck)
 E - a ring of fire
Scrolls
 e - 2 scrolls of amnesia
 g - a scroll of fog {unknown}
 h - a scroll of immolation {unknown}
 m - a scroll of magic mapping
 n - 2 scrolls of fear
 q - a scroll of teleportation
 r - a scroll of vulnerability {unknown}
 s - a scroll of poison {unknown}
 t - a scroll of silence
 y - 6 scrolls of identify
 B - 2 scrolls of enchant weapon {unknown}
 C - a scroll of blinking {unknown}
 D - 2 scrolls of brand weapon {unknown}
Potions
 b - a potion of ambrosia
 f - 4 potions of lignification
 l - 4 potions of degeneration
 o - 3 potions of curing
 p - 2 potions of haste {unknown}
 u - 2 potions of magic {unknown}
 A - 5 potions of brilliance {unknown}


   Skills:
 + Level 5.9 Fighting
 * Level 7.9 Short Blades
 + Level 6.7 Axes
 + Level 0.1 Throwing
 + Level 5.6 Dodging
 + Level 5.2 Stealth
 * Level 5.9 Shields


You had 9 spell levels left.
You didn't know any spells.
Your spell library contained the following spells:

 Spells                   Type           Power      Damage    Failure   Level
 Apportation              Tloc           0%         N/A       41%         1
 Necrotise                Necr           0%         1d4       41%         1
 Slow                     Hex            0%         N/A       41%         1
 Blink                    Tloc           0%         N/A       56%         2
 Confusing Touch          Hex            0%         N/A       80%         3
 Lesser Beckoning         Tloc           0%         N/A       80%         3
 Ozocubu's Armour         Ice            0%         N/A       80%         3
 Vampiric Draining        Necr           0%         2d6       80%         3
 Agony                    Necr           0%         N/A       100%        5
 Alistair's Intoxication  Tmut/Pois      0%         N/A       100%        5
 Manifold Assault         Tloc           0%         N/A       100%        5
 Metabolic Englaciation   Hex/Ice        0%         N/A       100%        5
 Simulacrum               Ice/Necr       0%         N/A       100%        6


Dungeon Overview and Level Annotations

Branches:
Dungeon (8/15)             Temple (0/1) D:7         Ossuary (visited)
   Lair: D:8-11

Altars:
Ashenzari
Dithmenos
Fedhas
Gozag
Kikubaaqudgha
Makhleb
Ru
Trog
Wu Jian
Xom
Yredelemnul
The Shining One


Innate Abilities, Weirdness & Mutations

You can breathe bolts of dispelling energy.
Your rich purple scales are hard. (AC +7)
You cannot fit into any form of body armour.
You are cold-blooded and may be slowed by cold attacks.


Message History

The wight is severely damaged.
The wight misses you. The wight hits you with a +4 halberd!
You feel drained.
You closely miss the wight.
The wight is severely damaged.
You block the wight's attack. The wight hits you with a +4 halberd!
* * * LOW HITPOINT WARNING * * *
You hit the wight.
The wight is almost destroyed.
The wight barely misses you. You block the wight's attack.
You closely miss the wight.
The wight is almost destroyed.
You completely miss the wight.
The wight is almost destroyed.
You block the wight's attack. The wight closely misses you.
You hit the wight but do no damage.
You tail-slap the wight, but do no damage.
The wight is almost destroyed.
The wight hits you with a +2 morningstar of freezing!
* * * LOW HITPOINT WARNING * * *
You feel drained.
* * * LOW HITPOINT WARNING * * *
You feel yourself slow down. The wight freezes you.
* * * LOW HITPOINT WARNING * * *
You block the wight's attack.
You feel better. The wight barely misses you. The wight closely misses you.
The wight barely misses you. The wight hits you with a +4 halberd.
* * * LOW HITPOINT WARNING * * *
You feel better.
You feel yourself speed up. You block the wight's attack.
The wight closely misses you.
You hit the wight.
You destroy the wight!
Trog accepts your kill.
The wight hits you with a +2 morningstar of freezing!
* * * LOW HITPOINT WARNING * * *
You feel yourself slow down. The wight freezes you.
* * * LOW HITPOINT WARNING * * *
You feel better.
The wight hits you with a +2 morningstar of freezing!
You die...

### ### ....
..# ..... ##
#.# ..... ...
###)##.....
....#..@.......
....#...z.##.##
............>#
.........^##.#
..........##.#
.............#
..........##.#
.....##.### #
..... #.#


You could see a wight.

Vanquished Creatures
  Pikel (D:5)
  Sigmund (D:5)
  2 steam dragons (D:6)
  An acid dragon (D:6)
  A water moccasin (D:6)
  3 black bears
  2 ice beasts
  A sky beast (D:7)
  A centaur (D:7)
  A lemure (D:5)
  4 phantoms
  Blork the orc (D:5)
  4 elf zombies (Ossuary)
  A gnoll sergeant (D:5)
  2 scorpions
  A necrophage (D:6)
  A wight (D:8)
  3 electric eels (D:6)
  4 centaur zombies (Ossuary)
  A crimson imp (D:7)
  4 human zombies (Ossuary)
  2 jellies (D:4)
  3 hounds
  2 gnoll boudas
  3 iguanas
  6 orc wizards
  3 mummies (Ossuary)
  Robin (D:3)
  8 adders
  14 gnolls
  An ufetubus (D:4)
  2 worms
  A dart slug (D:3)
  22 orcs
  7 ball pythons
  4 endoplasms
  5 giant cockroaches
  9 goblins
  9 hobgoblins
  6 jackals
  4 kobolds
  2 quokkas
  3 bats (D:2)
  3 frilled lizards (D:2)
  2 quokka zombies (D:7)
  8 rats
170 creatures vanquished.

Vanquished Creatures (collateral kills)
  Eustachio (D:5)
  A lemure (D:5)
  2 hounds (D:5)
  2 orc priests (D:5)
  An orc wizard (D:5)
  A shadow imp (D:5)
  An orc (D:5)
9 creatures vanquished.

Vanquished Creatures (others)
  16 fungi (D:6)
  3 plants (D:6)
19 creatures vanquished.

Grand Total: 198 creatures vanquished

Notes
Turn   | Place    | Note
-------+----------+-------------------------------------------
     0 | D:1      | Vulpanium the Draconian Monk began the quest for the Orb.
     0 | D:1      | Reached XP level 1. HP: 19/19 MP: 1/1
   215 | D:1      | Found a faded altar of an unknown god.
   248 | D:1      | Prayed at the altar of an unknown god.
   248 | D:1      | Became a worshipper of Trog the Wrathful
   248 | D:1      | Reached * piety under Trog
   248 | D:1      | Reached ** piety under Trog
   310 | D:1      | Reached XP level 2. HP: 26/26 MP: 2/2
  1250 | D:2      | Reached *** piety under Trog
  1278 | D:2      | Reached XP level 3. HP: 31/33 MP: 3/3
  1785 | D:2      | Reached XP level 4. HP: 40/40 MP: 4/4
  1945 | D:3      | Noticed a phantom
  1953 | D:3      | Killed a phantom
  1954 | D:3      | Reached skill level 1 in Shields
  1954 | D:3      | Reached XP level 5. HP: 46/46 MP: 5/5
  2004 | D:3      | Found an ornate altar of the Wu Jian Council.
  2377 | D:3      | Noticed Robin
  2390 | D:3      | Killed Robin
  3084 | D:4      | Noticed a phantom
  3094 | D:4      | Killed a phantom
  3095 | D:4      | Reached XP level 6. HP: 52/52 MP: 6/6
  3334 | D:4      | Reached **** piety under Trog
  3520 | D:4      | Reached skill level 5 in Axes
  3911 | D:4      | Found a blossoming altar of Fedhas.
  3920 | D:4      | Found an opulent altar of Gozag.
  4087 | D:5      | Entered Level 5 of the Dungeon
  4143 | D:5      | Your scales start taking on a rich purple colour.
  4143 | D:5      | Reached XP level 7. HP: 53/60 MP: 5/7
  4462 | D:5      | Noticed Blork the orc
  4468 | D:5      | Killed Blork the orc
  4693 | D:5      | Reached XP level 8. HP: 61/67 MP: 8/8
  5198 | D:5      | Found an ancient bone altar of Kikubaaqudgha.
  5201 | D:5      | Noticed Sigmund
  5206 | D:5      | Killed Sigmund
  5207 | D:5      | Reached skill level 5 in Fighting
  5207 | D:5      | Reached skill level 1 in Short Blades
  5291 | D:5      | Noticed Eustachio
  5317 | D:5      | Killed Eustachio
  5318 | D:5      | Reached skill level 2 in Short Blades
  5330 | D:5      | Noticed Pikel
  5357 | D:5      | Killed Pikel
  5358 | D:5      | Reached skill level 3 in Short Blades
  5358 | D:5      | Reached skill level 5 in Dodging
  5639 | D:6      | Found a glowing golden altar of the Shining One.
  5729 | D:6      | Reached skill level 5 in Shields
  5741 | D:6      | Reached XP level 9. HP: 64/74 MP: 9/9
  5824 | D:6      | Reached skill level 4 in Short Blades
  6212 | D:6      | Reached skill level 5 in Short Blades
  6511 | D:6      | Found a broken altar of Ashenzari.
  6569 | D:6      | Reached skill level 5 in Stealth
  6716 | D:6      | Found a shadowy altar of Dithmenos.
  6949 | D:6      | Reached skill level 6 in Short Blades
  7726 | D:7      | Reached skill level 7 in Short Blades
  7809 | D:7      | Found a basalt altar of Yredelemnul.
  7860 | D:7      | Found a sand-covered staircase.
  7868 | Ossuary  | Entered an ossuary
  8396 | D:7      | Found a sacrificial altar of Ru.
  8807 | D:7      | Reached XP level 10. HP: 57/83 MP: 5/10
  9184 | D:7      | Found a burning altar of Makhleb.
  9185 | D:7      | Found a shimmering altar of Xom.
  9275 | D:7      | Found a staircase to the Ecumenical Temple.
  9453 | D:8      | HP: 1/77 [wight/+2 morningstar of freezing (4)]
  9454 | D:8      | Slain by a wight

Illustrated notes

Levels and vault maps discovered:
D:1:      lightli_arrival_lavapool, layout_loops_corners,
          hellmonk_ecumenical_altar_lost_god, feat_on_display
D:2:      layout_rooms, grunt_ministairs_8
D:3:      layout_loops_ring, amcnicky_altar_gilded, uniq_robin
D:4:      layout_basic, mainiacjoe_overflow_swirl
D:5:      nicolae_cairo_tiling, layout_basic, mainiacjoe_overflow_alcove_2,
          item_on_display_a, uniq_pikel, uniq_eustachio, uniq_blork_the_orc,
          uniq_sigmund
D:6:      cheibrodos_two_vegetables, layout_rooms, nicolae_ashenzari_panopticon,
          lemuel_coloured_pillars_altar, mainiacjoe_overflow_chevrons
D:7:      layout_rooms, grunt_temple_overflow_champion_of_chaos,
          nicolae_ru_great_annihilating_truth,
          mainiacjoe_overflow_small_starburst, minmay_temple_entry_nine_rooms,
          enter_ossuary_4
D:8:      layout_basic, grunt_nemelex_the_gamble, kennysheep_okawaru_gauntlet,
          elyvilon_altar_4

Skill      XL: |  1  2  3  4  5  6  7  8  9 |
---------------+----------------------------+-----
Dodging        | 3 4 5 |  5.6
Stealth        | 2 3 4 5 |  5.2
Axes           | 4 5 6 |  6.7
Shields        | 1 2 3 5 |  5.9
Fighting       | 4 5 |  5.9
Short Blades   | 3 7 |  7.9
Throwing       | |  0.1

Action                   |  1- 3 |  4- 6 |  7- 9 | 10-12 || total
-------------------------+-------+-------+-------+-------++-------
Melee: Hand axe          |    80 |   144 |    50 |       ||   274
       Tailslap          |     8 |    15 |    86 |     8 ||   117
       Rapier            |       |       |   397 |    26 ||   423
Throw: Dart              |       |       |     2 |       ||     2
Invok: Berserk           |       |     3 |     1 |       ||     4
       Brothers in Arms  |       |     1 |     1 |       ||     2
       Trog's Hand       |       |       |     2 |       ||     2
 Abil: Breathe Dispellin |       |       |     6 |     1 ||     7
  Use: Scroll            |     1 |     6 |     1 |     1 ||     9
       Potion            |       |       |       |     3 ||     3
 Stab: Sleeping          |     4 |     4 |     7 |       ||    15
       Distracted        |       |       |     1 |       ||     1
       Paralysed         |       |       |     1 |       ||     1
Armor: Skin              |    23 |    34 |    81 |     2 ||   140
Dodge: Dodged            |    48 |    90 |   218 |    13 ||   369
Block: Buckler           |     6 |    36 |   137 |    12 ||   191
